 Dungeon Crawl Stone Soup version 0.24-a0-549-g45f0056d81 (webtiles) character file.

Game seed: 8739489685471644373

1526 Gynju the Grappler (level 8, -11/80 HPs)
             Began as a Troll Monk on Aug 20, 2019.
             Was a Believer of Cheibriados.
             Mangled by an orc warrior
             ... wielding a +0 glaive
              (12 damage)
             ... on level 6 of the Dungeon.
             The game lasted 00:05:49 (4206 turns).

Gynju the Grappler (Troll Monk)                     Turns: 4206, Time: 00:05:50

Health: -11/80     AC:  7    Str: 25    XL:     8   Next: 55%
Magic:  7/7        EV: 14    Int: 10    God:    Cheibriados [**....]
Gold:   215        SH:  0    Dex: 26    Spells: 7/7 levels left

rFire    . . .     SeeInvis .   z - +8 mace of Fee Simple {crush, *Slow rC- Dex+9 Stlth+}
rCold    x . .     Gourm    +   (no shield)
rNeg     . . .     Faith    .   m - +0 robe
rPois    .         Spirit   .   (helmet restricted)
rElec    .         Reflect  .   i - +0 cloak
rCorr    .         Harm     .   (gloves unavailable)
MR       .....                  (boots unavailable)
Stlth    +++.......             (no amulet)
HPRegen  0.63/turn              (no ring)
MPRegen  0.10/turn              (no ring)

@: lethally poisoned (-11 -> -11), slowed, very slow
A: large, unfitting armour, claws 3, fast metabolism 3, gourmand, regeneration
1, shaggy fur 1, tough skin 3
a: Bend Time, Renounce Religion


You were on level 6 of the Dungeon.
You worshipped Cheibriados.
Cheibriados was pleased with you.
You were very full.

You visited 2 branches of the dungeon, and saw 7 of its levels.

You collected 215 gold pieces.

Inventory:

Hand Weapons
 a - a +0 hunting sling of freezing
 z - the +8 mace of Fee Simple (weapon) {crush, *Slow rC- Dex+9 Stlth+}
   (You found it on level 5 of the Dungeon)

   It inflicts extra damage upon your enemies.
   It affects your dexterity (+9).
   It makes you vulnerable to cold.
   It may slow you when you take damage.
   It makes you more stealthy.
Missiles
 n - 13 sling bullets
Armour
 i - a +0 cloak (worn)
 m - a +0 robe (worn)
Jewellery
 A - an uncursed ring of ice {unknown}
Wands
 y - a wand of flame (19)
Scrolls
 c - 5 scrolls of teleportation {unknown}
 d - 7 scrolls of identify {unknown}
 f - 3 scrolls of magic mapping {unknown}
 h - 2 scrolls of blinking {unknown}
 k - 3 scrolls of enchant weapon {unknown}
 l - 3 scrolls of remove curse {unknown}
 q - 2 scrolls of fear {unknown}
 r - a scroll of fog {unknown}
 t - a scroll of random uselessness {unknown}
 v - a scroll of amnesia {unknown}
Potions
 e - a potion of heal wounds {unknown}
 g - 2 potions of haste {unknown}
 j - 2 potions of berserk rage {unknown}
 o - a potion of might {unknown}
 p - a potion of lignification {unknown}
 s - 2 potions of invisibility {unknown}
 u - a potion of flight {unknown}
 w - a potion of brilliance {unknown}
 x - 2 potions of curing {unknown}
Comestibles
 b - 13 rations


   Skills:
 + Level 5.0 Fighting
 + Level 5.0 Dodging
 - Level 1.0 Stealth
 * Level 8.2 Unarmed Combat
 + Level 1.1 Invocations


You had 7 spell levels left.
You didn't know any spells.
Your spell library was empty.

Dungeon Overview and Level Annotations

Branches:
Dungeon (6/15)             Temple (1/1) D:6

Altars:
Ashenzari
Cheibriados
Dithmenos
Elyvilon
Fedhas
Gozag
Hepliaklqana
Kikubaaqudgha
Makhleb
Nemelex Xobeh
Okawaru
Qazlal
Ru
Sif Muna
Trog
Uskayaw
Vehumet
Wu Jian
Xom
Yredelemnul
Zin
The Shining One

Annotations:
D:4 1 runed translucent door, darksquall's ghost, amateur GrSk


Innate Abilities, Weirdness & Mutations

You are too large for most types of armour.
You have claws for hands.
Your metabolism is lightning-fast.
You like to eat raw meat.
Your natural rate of healing is unusually fast.
You are covered in fur. (AC +1)
You have extremely tough skin. (AC +3)


Message History

You sock the manticore!
You claw the manticore, but do no damage.
The manticore is heavily wounded.
You carefully extract the barbed spikes from your body.
The worker ant bites you but does no damage.
The leopard gecko completely misses you.
The manticore closely misses you. The manticore misses you.
The manticore closely misses you. The orc closely misses you.
The leopard gecko closely misses you. The worker ant barely misses you.
The orc warrior closely misses you. The manticore misses you.
The manticore claws you but does no damage.
The manticore barely misses you. The orc closely misses you.
The worker ant closely misses you. The leopard gecko bites you.
* * * LOW HITPOINT WARNING * * *
You sock the manticore!
The manticore is almost dead.
You feel sick. The worker ant closely misses you.
The leopard gecko barely misses you.
The orc warrior hits you from afar with a +0 glaive!
You die...

... #.#..... .8.
#.#..... ...
..#..... #.#
#.#.#### #s#
#.#.# # ##.##
#.#.# # ##.o.##
#.#.####
..####.lHo.####.
#<#.....
.......a@.......
#.......
#.#######.#######
#.......
#........).#
#.......
##########.#
#....... #.#
#....... #.#
#....... #.#
#)...... #.#
#.#+##.# #.#
#.......


You could see a manticore, an orc warrior, a worker ant, an orc, a leopard gecko
and a giant cockroach.

Vanquished Creatures
  Grinder (D:5)
  Sigmund (D:3)
  A sky beast (D:5)
  An ogre (D:6)
  A necrophage (D:6)
  A centaur (D:6)
  Blork the orc (D:5)
  2 scorpions
  2 howler monkeys
  A crimson imp (D:6)
  2 hounds (D:4)
  Crazy Yiuf (D:5)
  An orc wizard (D:4)
  A bullfrog skeleton (D:4)
  An iguana (D:5)
  4 worker ants
  A worker ant zombie (D:6)
  9 gnolls
  8 adders
  A shadow imp (D:5)
  4 oozes
  2 worms
  2 dart slugs
  4 leopard geckos
  11 orcs
  5 giant cockroaches
  11 goblins
  6 hobgoblins
  A quokka (D:5)
  A ball python (D:1)
  6 bats
  5 frilled lizards
  10 kobolds
  A leopard gecko zombie (D:6)
  A quokka skeleton (D:4)
  9 rats
120 creatures vanquished.

Notes
Turn   | Place    | Note
-------+----------+-------------------------------------------
     0 | D:1      | Gynju the Troll Monk began the quest for the Orb.
     0 | D:1      | Reached XP level 1. HP: 22/22 MP: 0/0
   119 | D:1      | Reached XP level 2. HP: 29/29 MP: 1/1
   503 | D:2      | Reached XP level 3. HP: 20/36 MP: 2/2
   702 | D:2      | Reached skill level 4 in Unarmed Combat
   853 | D:2      | Reached XP level 4. HP: 40/44 MP: 3/3
  1187 | D:2      | Found an ancient bone altar of Kikubaaqudgha.
  1187 | D:2      | Found a shadowy altar of Dithmenos.
  1194 | D:2      | Found a faded altar of an unknown god.
  1196 | D:2      | Found a radiant altar of Vehumet.
  1198 | D:2      | Found a stormy altar of Qazlal.
  1577 | D:3      | Reached XP level 5. HP: 53/53 MP: 4/4
  1675 | D:3      | Noticed Sigmund
  1692 | D:3      | Killed Sigmund
  1692 | D:3      | Reached skill level 5 in Unarmed Combat
  1692 | D:3      | Reached XP level 6. HP: 27/61 MP: 5/5
  2139 | D:4      | Found a runed translucent door.
  2178 | D:4      | Noticed darksquall's ghost (amateur GrSk)
  2246 | D:4      | Found a sacrificial altar of Ru.
  2316 | D:4      | Reached skill level 6 in Unarmed Combat
  2347 | D:4      | Reached XP level 7. HP: 68/68 MP: 6/6
  2785 | D:5      | Entered Level 5 of the Dungeon
  2838 | D:5      | Found a runed translucent door.
  2839 | D:5      | Noticed Crazy Yiuf
  2912 | D:5      | Noticed Blork the orc
  2921 | D:5      | Killed Blork the orc
  3025 | D:5      | Noticed Grinder
  3040 | D:5      | Killed Grinder
  3040 | D:5      | Reached skill level 7 in Unarmed Combat
  3040 | D:5      | Reached XP level 8. HP: 41/79 MP: 7/7
  3304 | D:5      | Found a blossoming altar of Fedhas.
  3632 | D:5      | Killed Crazy Yiuf
  3638 | D:5      | Got a pitted mace
  3639 | D:5      | Identified the +8 mace of Fee Simple {crush, *Slow rC-
                  | Dex+9 Stlth+} (You found it on level 5 of the Dungeon)
  3772 | D:6      | Found a staircase to the Ecumenical Temple.
  3930 | Temple   | Entered the Ecumenical Temple
  4089 | Temple   | Became a worshipper of Cheibriados the Contemplative
  4089 | Temple   | Reached * piety under Cheibriados
  4089 | Temple   | Reached ** piety under Cheibriados
  4181 | D:6      | Reached skill level 8 in Unarmed Combat
  4184 | D:6      | Reached skill level 5 in Fighting
  4184 | D:6      | Reached skill level 5 in Dodging
  4184 | D:6      | Reached skill level 1 in Invocations
  4197 | D:6      | Noticed a manticore
  4204 | D:6      | HP: 2/80 [manticore (9)]
  4206 | D:6      | Mangled by an orc warrior

Levels and vault maps discovered:
D:1:      minmay_arrival_four_houses, layout_rooms
D:2:      cheibrodos_old_hovel, layout_basic,
          chequers_temple_overflow_minitemple
D:3:      layout_basic, first_ration, chequers_serial_rivers_micro_b,
          uniq_sigmund
D:4:      layout_basic, ebering_ghost_sewer_d, nicolae_ru_awakened_eye
D:5:      layout_loops_ring, fedhas_altar_4, uniq_grinder,
          uniq_crazy_yiuf_cottage, uniq_blork_the_orc
D:6:      cheibrodos_barr_body, layout_basic, minmay_temple_entry_junction_2,
          kennysheep_generic_room_6
Temple:   dpeg_five_rooms_temple

Skill      XL: |  1  2  3  4  5  6  7  8 |
---------------+-------------------------+-----
Unarmed Combat | 4 5 6 7 8 |  8.2
Fighting       | 3 4 5 |  5.0
Dodging        | 3 4 5 |  5.0
Invocations    | 1 |  1.1
Stealth        | |  1.0

Action                   |  1- 3 |  4- 6 |  7- 9 || total
-------------------------+-------+-------+-------++-------
Melee: Unarmed           |    92 |   113 |   112 ||   317
       Punch             |       |     3 |     5 ||     8
       Mace              |       |       |    30 ||    30
 Stab: Sleeping          |       |     2 |     1 ||     3
       Distracted        |       |       |     2 ||     2
  Eat: Chunk             |    13 |    14 |    15 ||    42
Armor: Robe              |    38 |    23 |    37 ||    98
Dodge: Dodged            |    70 |    48 |    87 ||   205

Table legend:
 A = Non-vault XP
 B = Vault XP
 C = Vault XP percentage of total XP
 D = Non-vault monster count
 E = Vault monster count
 F = Vault count percentage of total count
                 A         B        C        D         E       F
            +---------+---------+-------+---------+---------+-------
      Total |    1301 |     880 |  40.3 |     111 |       9 |   7.5
            +---------+---------+-------+---------+---------+-------
        D:1 |      35 |       0 |   0.0 |      23 |       0 |   0.0
        D:2 |     109 |      14 |  11.4 |      23 |       1 |   4.2
        D:3 |      49 |     227 |  82.2 |      20 |       1 |   4.8
        D:4 |     377 |       0 |   0.0 |      18 |       0 |   0.0
        D:5 |     449 |     408 |  47.6 |      21 |       3 |  12.5
        D:6 |     282 |     231 |  45.0 |       6 |       4 |  40.0
            +---------+---------+-------+---------+---------+-------
